 Dungeon Crawl Stone Soup version 0.28-a0-691-gad6df49e81 (webtiles) character file.

Game seed: 14490035932176092302

9539 freelancePsychic the Thaumaturge (level 11, -15/84 HPs)
             Began as a Djinni Earth Elementalist on Oct 22, 2021.
             Was an Elder of Cheibriados.
             Demolished by an ice devil (18 damage)
             ... on level 10 of the Dungeon.
             The game lasted 00:21:34 (14665 turns).

freelancePsychic the Thaumaturge (DjEE)            Turns: 14665, Time: 00:21:35

Health: -15/84     AC:  9    Str: 17    XL:     11   Next: 76%
Gold:   192        EV: 34    Int: 29    God:    Cheibriados [****..] SH:  0 Dex: 25

rFire   + + .      SeeInvis +   f - +0 dagger
rCold   . . .      Faith    .   (no shield)
rNeg    . . .      Spirit   .   b - +1 robe
rPois   ∞          Reflect  .   t - +1 helmet {SInv}
rElec   .          Harm     .   (no cloak)
rCorr   .          Rampage  .   (no gloves)
Will    +....                   (boots unavailable)
Stlth   ++........              E - amulet of the acrobat
HPRegen 0.24/turn               g - +4 ring of protection
MPRegen 0.00/turn               a - ring of protection from cold

@: about to teleport, acrobatic, flying, very slow
A: sickness immunity, fire resistance 2, cold vulnerability 1, float, innate
caster, hp casting, extra vitality 1
a: Renounce Religion, Bend Time, Temporal Distortion, Slouch


You were on level 10 of the Dungeon.
You worshipped Cheibriados.
Cheibriados was greatly pleased with you.
You visited 1 branch of the dungeon, and saw 10 of its levels.
You also visited: Sewer.

You collected 590 gold pieces.
You spent 398 gold pieces at shops.

Inventory:

Hand Weapons
 f - a +0 dagger (weapon)
Missiles
 i - 236 stones
Armour
 b - a +1 robe (worn)
 t - a +1 helmet of see invisible (worn)
Jewellery
 a - a ring of protection from cold (right hand)
 g - a +4 ring of protection (left hand)
 E - an amulet of the acrobat (around neck)
Wands
 k - a wand of acid (6)
 m - a wand of flame (11)
 y - a wand of mindburst (12)
 z - a wand of charming (10)
Scrolls
 h - a scroll of enchant armour
 j - 2 scrolls of enchant weapon
 l - a scroll of fear
 q - 2 scrolls of fog
 r - 3 scrolls of blinking
 s - a scroll of vulnerability
 u - a scroll of amnesia
 B - a scroll of brand weapon
 D - a scroll of noise
 F - a scroll of silence
Potions
 c - 5 potions of curing {@q1}
 d - 3 potions of haste {unknown}
 e - 4 potions of heal wounds {unknown}
 n - a potion of magic {unknown}
 o - a potion of attraction {unknown}
 p - 2 potions of brilliance {unknown}
 v - a potion of mutation {unknown}
 A - a potion of berserk rage {unknown}
 C - a potion of might {unknown}


   Skills:
 + Level 9.0 Fighting
 + Level 8.2 Dodging
 - Level 1.5 Stealth
 * Level 10.7 Spellcasting


You had 7 spell levels left.
You knew the following spells:

 Your Spells              Type           Power      Damage    Failure   Level
a - Sandblast             Erth           100%       2d20      1%          1
b - Passwall              Tmut/Erth      55%        N/A       1%          2
c - Stone Arrow           Conj/Erth      100%       3d13      1%          3
d - Petrify               Tmut/Erth      67%        N/A       1%          4
e - Beastly Appendage     Tmut           100%       N/A       1%          1
f - Corpse Rot            Necr/Air       100%       N/A       1%          2
g - Tukima's Dance        Hex            67%        N/A       1%          3
h - Iskenderun's Mystic   Conj/Tloc      67%        2d14      1%          4
i - Summon Ice Beast      Ice/Summ       67%        N/A       1%          4
Your spell library was empty.

Dungeon Overview and Level Annotations

Branches:
Dungeon (10/15)            Temple (0/1) D:7            Lair (0/6) D:9
  Sewer (visited)
    Orc: D:9-12

Altars:
Cheibriados
Nemelex Xobeh
Okawaru
Qazlal
Sif Muna
Trog
Uskayaw
Vehumet
Wu Jian
Yredelemnul
Zin

Shops:
D:6 *   D:8 *:[*=   D:10 **

Annotations:
D:4 2 transporters, AttackTheMoon's ghost, weakling KoDe


Innate Abilities, Weirdness & Mutations

You are immune to sickness and miasma.
You are immune to poison.
Your flesh is very heat resistant. (rF++)
You are vulnerable to cold. (rC-)
You float through the air rather than walking.
You learn spells naturally, not from books.
Your magical power is your life essence.
You have superior vitality. (+4 HP)


Message History

Your ice beast hits the ice devil but does no damage.
Your surroundings seem slightly different.
The ice devil hits your ice beast but does no damage.
Your ice beast closely misses the ice devil.
The ice devil misses your ice beast. The ice devil misses you.
Your ice beast hits the ice devil.
Your ice beast freezes the ice devil.
The ice devil completely resists.
The ice devil barely misses your ice beast.
Your ice beast misses the ice devil.
The ice devil hits your ice beast! The ice devil freezes your ice beast.
Your ice beast completely resists.
The freezing wraith barely misses you. x2
There is an escape hatch in the ceiling here.
As you read the scroll of teleportation {@r4}, it crumbles to dust.
You feel strangely unstable. The ice devil hits you.
The ice devil freezes you!!
* * * LOW HITPOINT WARNING * * *
Your ice beast hits the ice devil but does no damage.
The ice devil hits your ice beast! The ice devil freezes your ice beast.
Your ice beast completely resists.
The freezing wraith completely misses you.
The freezing wraith misses you.
Your ice beast closely misses the ice devil.
The ice devil hits your ice beast. The ice devil freezes your ice beast.
Your ice beast completely resists.
A white imp comes into view.
The ice devil completely misses you.
Your ice beast hits the ice devil but does no damage.
The ice devil hits your ice beast. The ice devil freezes your ice beast.
Your ice beast completely resists.
Your ice beast barely misses the ice devil.
A freezing wraith comes into view.
The ice devil hits your ice beast!
Your ice beast dies!
Your ice beast disappears in a puff of smoke!
The freezing wraith completely misses you.
The freezing wraith misses you. The ice devil hits you.
* * * LOW HITPOINT WARNING * * *
The ice devil freezes you!!
You die...

#### #..#
#8@# ..##
#4W# ....
#<5#.....
#..#...#≈
#∩.W...≈#
##..'..#≈#
###.8.'..≈#
#..4§?'..≈#
##.#...#..#≈≈


You could see 2 ice devils, 2 freezing wraiths and a white imp.

Vanquished Creatures
  3 kobold demonologists (D:7)
  A troll (D:10)
  A vampire (D:10)
  Sigmund (D:6)
  20 yaks
  2 vampire mosquitoes (D:10)
  Menkaure (D:6)
  Duvessa (D:5)
  4 water moccasins
  Purgy (Sewer)
  4 orc warriors
  A black bear (D:5)
  A necrophage (D:7)
  2 ogres
  6 centaurs
  2 phantoms
  2 kobold brigands (D:7)
  3 bullfrogs
  A scorpion (D:4)
  Dowan (D:4)
  9 killer bees
  An electric eel (D:7)
  8 wights
  A howler monkey (D:7)
  2 centaur zombies (D:9)
  2 hounds
  A jelly (D:4)
  2 bullfrog zombies
  5 orc priests
  2 iguanas
  An orc wizard (D:9)
  A killer bee zombie (D:7)
  A mummy (D:6)
  3 howler monkey skeletons
  3 howler monkey zombies
  A gnoll (D:1)
  5 adders
  3 river rats (D:5)
  5 white imps
  8 worms
  5 dart slugs
  26 orcs
  4 ball pythons
  6 endoplasms
  4 giant cockroaches
  9 goblins
  8 hobgoblins
  2 jackals (D:3)
  2 quokkas
  9 frilled lizards
  20 kobolds
  7 rats
224 creatures vanquished.

Vanquished Creatures (collateral kills)
  A two-headed ogre (D:10)
  A water moccasin (D:9)
  An orc warrior (D:9)
  A kobold brigand (D:9)
  A bullfrog (D:9)
  2 scorpions (D:9)
  A kobold (D:9)
8 creatures vanquished.

Vanquished Creatures (others)
  2 dancing weapons (D:10)
  29 fungi (D:9)
  42 plants
  5 toadstools (D:5)
78 creatures vanquished.

Grand Total: 310 creatures vanquished

Notes
Turn   | Place    | Note
-------+----------+-------------------------------------------
     0 | D:1      | freelancePsychic the Djinni Earth Elementalist began the
                  | quest for the Orb.
     0 | D:1      | Reached XP level 1. HP: 15/15 MP: 0/0
   362 | D:1      | Reached XP level 2. HP: 18/22 MP: 0/0
   717 | D:1      | Reached skill level 1 in Fighting
   903 | D:1      | Reached skill level 3 in Spellcasting
   903 | D:1      | Reached XP level 3. HP: 9/27 MP: 0/0
   903 | D:1      | Learned a level 1 spell: Beastly Appendage
  2302 | D:2      | Reached XP level 4. HP: 26/32 MP: 0/0
  2974 | D:3      | Noticed a +0 falchion
  2974 | D:3      | Noticed a +0 spear
  2974 | D:3      | Noticed a +0 falchion
  2975 | D:3      | Noticed a +0 spear
  2976 | D:3      | Noticed a +0 short sword
  2976 | D:3      | Noticed a +0 dagger
  2977 | D:3      | Noticed a +0 dagger
  2980 | D:3      | Noticed a +0 short sword
  3006 | D:3      | Found a basalt altar of Yredelemnul.
  3105 | D:3      | Found a glowing silver altar of Zin.
  4066 | D:3      | Found a stormy altar of Qazlal.
  4066 | D:3      | Found an ornate altar of the Wu Jian Council.
  4091 | D:3      | Found a hide-covered altar of Uskayaw.
  4515 | D:4      | Reached skill level 4 in Spellcasting
  4515 | D:4      | Reached XP level 5. HP: 33/37 MP: 0/0
  4515 | D:4      | Learned a level 2 spell: Corpse Rot
  4588 | D:4      | Noticed an orc warrior
  4614 | D:4      | Noticed a phantom
  4617 | D:4      | Killed a phantom
  4618 | D:4      | Reached XP level 6. HP: 30/42 MP: 0/0
  4714 | D:4      | Found a transporter.
  4736 | D:4      | HP: 1/42 [orc warrior (17)]
  5226 | D:4      | Noticed AttackTheMoon's ghost (weakling KoDe)
  5261 | D:4      | Found a transporter.
  5370 | D:4      | Noticed Dowan
  5427 | D:4      | Killed Dowan
  5428 | D:4      | Reached skill level 5 in Spellcasting
  5796 | D:4      | Noticed Duvessa
  5934 | D:5      | Entered Level 5 of the Dungeon
  5975 | D:5      | Noticed a black bear
  5990 | D:5      | Reached XP level 7. HP: 38/49 MP: 0/0
  5990 | D:5      | Learned a level 3 spell: Tukima's Dance
  6017 | D:5      | Found a glowing drain.
  6140 | Sewer    | Entered a sewer
  6493 | Sewer    | Noticed Purgy
  6496 | Sewer    | Killed Purgy
  6871 | D:5      | Reached skill level 6 in Spellcasting
  7187 | D:5      | Reached XP level 8. HP: 52/58 MP: 0/0
  7534 | D:5      | Killed Duvessa
  8116 | D:6      | Noticed Sigmund
  8119 | D:6      | Killed Sigmund
  8221 | D:6      | Noticed Menkaure
  8223 | D:6      | Killed Menkaure
  8268 | D:6      | Reached skill level 7 in Spellcasting
  8388 | D:6      | Reached skill level 5 in Fighting
  8568 | D:6      | Found a snail-covered altar of Cheibriados.
  8574 | D:6      | Became a worshipper of Cheibriados the Contemplative
  8667 | D:6      | Reached XP level 9. HP: 59/65 MP: 0/0
  8667 | D:6      | Learned a level 4 spell: Iskenderun's Mystic Blast
  9117 | D:6      | Reached skill level 8 in Spellcasting
  9388 | D:6      | Found Iceijoxke's Assorted Antiques.
  9423 | D:6      | Bought a scroll labelled MECEUL CURIOF for 17 gold pieces
  9423 | D:6      | Bought 2 scrolls of identify for 68 gold pieces
  9423 | D:6      | Bought a glowing helmet for 127 gold pieces
  9961 | D:7      | Reached * piety under Cheibriados
 10104 | D:7      | Noticed a kobold demonologist
 10105 | D:7      | Noticed a kobold demonologist
 10107 | D:7      | Noticed a kobold demonologist
 10109 | D:7      | Killed a kobold demonologist
 10110 | D:7      | Reached XP level 10. HP: 58/73 MP: 0/0
 10115 | D:7      | Killed a kobold demonologist
 10116 | D:7      | Reached skill level 5 in Dodging
 10117 | D:7      | Killed a kobold demonologist
 10370 | D:7      | Reached skill level 9 in Spellcasting
 10375 | D:7      | Found a staircase to the Ecumenical Temple.
 11226 | D:8      | Found Jotysonu's Book Shoppe.
 11280 | D:8      | Reached ** piety under Cheibriados
 11407 | D:8      | Found Pyosoc's Assorted Antiques.
 11560 | D:8      | Found Jausech's Jewellery Boutique.
 11929 | D:8      | Found Amubbad's Armour Shoppe.
 12027 | D:8      | Found Deupa's General Store.
 12094 | D:8      | Found an iron altar of Okawaru.
 12095 | D:8      | Found a bloodstained altar of Trog.
 12670 | D:9      | Reached XP level 11. HP: 38/81 MP: 0/0
 12670 | D:9      | Learned a level 4 spell: Summon Ice Beast
 12682 | D:9      | Reached *** piety under Cheibriados
 12994 | D:9      | Reached skill level 10 in Spellcasting
 13209 | D:9      | Found a staircase to the Lair.
 13302 | D:9      | Found a sparkling altar of Nemelex Xobeh.
 13667 | D:9      | Reached **** piety under Cheibriados
 14281 | D:10     | Entered Level 10 of the Dungeon
 14399 | D:10     | Noticed a two-headed ogre
 14410 | D:10     | Killed a two-headed ogre
 14621 | D:10     | Found Jitior's Assorted Antiques.
 14629 | D:10     | Bought a small cabochon amulet for 155 gold pieces
 14629 | D:10     | Bought a scroll labelled PUUMEI SIRAO for 31 gold pieces
 14636 | D:10     | Found Baoxen's General Store.
 14665 | D:10     | HP: 3/84 [ice devil (6)]
 14665 | D:10     | Demolished by an ice devil

Illustrated notes

Levels and vault maps discovered:
D:1:      elethiomel_arrival_maze, layout_basic, grunt_decor_cap
D:2:      layout_basic, minivault_5
D:3:      layout_basic, mainiacjoe_overflow_alcove_4,
          mainiacjoe_overflow_catwalk, nicolae_uskayaw_en_pointe,
          chequers_temple_overflow_statue_of_worship, serial_bayou_pond_a,
          minmay_misc_feat_secret_circle
D:4:      layout_cave_pools, nicolae_sif_muna_little_library,
          mainiacjoe_overflow_cross_hatched, gammafunk_ghost_arena, uniq_duvessa
D:5:      layout_basic, lightli_sewer_entry_pipes,
          minmay_misc_feat_four_crosses, minmay_gold_behind_fungi
D:6:      layout_loops_cross, chei_slow_surprise, serial_shops,
          nicolae_shop_overgrown_old_shop, feat_on_display, uniq_sigmund,
          uniq_menkaure
D:7:      layout_loops_ring, temple_statues, corexii_hall_statues_deadend,
          chequers_serial_rivers_small_a, chequers_serial_rivers_room_a,
          kennysheep_diamond
D:8:      layout_loops_ring, grunt_temple_overflow_bloody_war, serial_shops,
          shop, nicolae_stop_n_shop_1, shop, shop_fountains, shop,
          grunt_decor_one_mirror, small_statue_intersection
D:9:      layout_basic, nemelex_xobeh_ov_fountains_minmay,
          due_lair_maze_entry_diamond
D:10:     layout_rooms, marbit_many_paths, mainiacjoe_overflow_six_doors_small,
          serial_shops, shop, nicolae_square_shop, shop_statue, shop,
          hellmonk_guarded_unrand_frostbite

Skill      XL: |  1  2  3  4  5  6  7  8  9 10 11 |
---------------+----------------------------------+-----
Fighting       | 1 2 3 5 6 7 9 |  9.0
Spellcasting   | 3 4 5 6 7 8 9 10 | 10.7
Dodging        | 4 6 8 |  8.2
Stealth        | |  1.5

Action                   |  1- 3 |  4- 6 |  7- 9 | 10-12 || total
-------------------------+-------+-------+-------+-------++-------
Melee: Dagger            |    27 |    87 |     3 |     1 ||   118
 Cast: Sandblast         |    37 |    27 |    16 |     7 ||    87
       Stone Arrow       |     6 |    47 |    88 |    89 ||   230
       Tukima's Dance    |       |       |     3 |     4 ||     7
       Iskenderun's Myst |       |       |    15 |    37 ||    52
       Summon Ice Beast  |       |       |       |     8 ||     8
  Use: Scroll            |       |     8 |     5 |     6 ||    19
       Potion            |       |       |       |     1 ||     1
 Stab: Sleeping          |       |     2 |     2 |       ||     4
Armor: Robe              |     3 |    23 |     5 |    20 ||    51
Dodge: Dodged            |    25 |    65 |    29 |    76 ||   195

Table legend: (Time is in decaauts)
 A = Elapsed time spent in this place.
 B = Non-inter-level travel time spent in this place.
 C = Inter-level travel time spent in this place.
 D = Time resting spent in this place.
 E = Time spent auto-exploring this place.
 F = Levels seen in this place.
 G = Mean time per level.
                   A        B        C        D        E       F      G
               +--------+--------+--------+--------+--------+-----+--------+
         Total |  15904 |  15341 |    563 |   1331 |  12401 |  11 | 1445.8 |
       Dungeon |  15475 |  14912 |    563 |   1331 |  12055 |  10 | 1547.5 |
         Sewer |    428 |    428 |      0 |      0 |    346 |   1 |  428.0 |
               +--------+--------+--------+--------+--------+-----+--------+

Top non-repeatable levels by time:
     D:9: 2350 daAuts
     D:3: 2012 daAuts
     D:7: 1991 daAuts
     D:6: 1689 daAuts
     D:1: 1673 daAuts
     D:8: 1503 daAuts
     D:5: 1326 daAuts
     D:2: 1300 daAuts
     D:4: 1203 daAuts
   Sewer: 428 daAuts
    D:10: 424 daAuts
